 Dungeon Crawl Stone Soup version 0.22-a0-775-ga7d80019b5 (webtiles) character file.

164 Oravi the Digger (level 5, -1/28 HPs)
             Began as a Gargoyle Earth Elementalist on July 18, 2018.
             Killed by divine providence
             ... invoked by an orc priest
              (14 damage)
             ... on level 3 of the Dungeon.
             The game lasted 00:12:30 (2492 turns).

Oravi the Digger (Gargoyle Earth Elementalist)      Turns: 2492, Time: 00:12:33

Health: -1/28      AC:  9    Str: 12    XL:     5   Next: 45%
Magic:  0/8        EV: 11    Int: 16    God:
Gold:   57         SH:  0    Dex: 10    Spells: 5/9 levels left

rFire    . . .     SeeInvis .   s - +0 dagger (venom)
rCold    . . .     Gourm    .   (no shield)
rNeg     + . .     Faith    .   o - +2 leather armour {rPois}
rPois    ∞         Spirit   .   (no helmet)
rElec    +         Reflect  .   (no cloak)
rCorr    .         Harm     .   (no gloves)
MR       .....                  (no boots)
Stlth    ++........             (no amulet)
HPRegen  0.09/turn              l - ring of wizardry
MPRegen  0.11/turn              (no ring)

@: very slightly contaminated
A: negative energy resistance 1, electricity resistance, unbreathing,
petrification resistance, rot immunity, AC +4
a: no special abilities


You were on level 3 of the Dungeon.
You were not hungry.

You visited 1 branch of the dungeon, and saw 3 of its levels.

You collected 57 gold pieces.

Inventory:

Hand Weapons
 h - a +0 dagger
 j - a +0 whip
 s - a +0 dagger of venom (weapon)
Missiles
 b - 70 stones (quivered)
Armour
 c - a +0 robe
 o - a +2 leather armour of poison resistance (worn)
Jewellery
 l - a ring of wizardry (left hand)
Scrolls
 n - 2 scrolls of fog {unknown}
 p - a scroll of fear {unknown}
 q - 3 scrolls of remove curse {unknown}
 r - a scroll of teleportation {unknown}
Potions
 a - 4 potions of curing
 e - a potion of agility {unknown}
 g - 4 potions of heal wounds {unknown}
 k - a potion of resistance {unknown}
 m - 2 potions of lignification {unknown}
Comestibles
 d - 5 rations
 f - a chunk of flesh


   Skills:
 - Level 1.5 Dodging
 - Level 2.1 Stealth
 + Level 2.5 Spellcasting
 + Level 1.5 Conjurations
   Level 0.7 Transmutations
 + Level 6.5 Earth Magic


You had 5 spell levels left.
You knew the following spells:

 Your Spells              Type           Power        Failure   Level  Hunger
a - Sandblast             Erth           ###...       1%          1    #......
b - Stone Arrow           Conj/Erth      ##....       6%          3    ###....

Your spell library contained the following spells:

 Spells                   Type           Power        Failure   Level  Hunger
 Passwall                 Tmut/Erth      ##......     3%          2    ##.....
 Lee's Rapid Deconstruct  Erth           ###.......   19%         5    ######.
 Petrify                  Tmut/Erth      ##......     22%         4    #####..


Dungeon Overview and Level Annotations

Branches:
Dungeon (3/15)

Altars:
Okawaru
Sif Muna
Uskayaw


Innate Abilities, Weirdness & Mutations

You are resistant to torment.
Your stone body is resilient. (AC +4)
You are immune to poison.
You resist negative energy. (rN+)
You are resistant to electric shocks. (rElec)
You can survive without breathing.
You are immune to petrification.
You are immune to rotting.


Message History

The orc priest hits you but does no damage.
The orc priest calls upon Beogh to heal the orc priest.
The orc priest's wounds heal themselves!
As you read the scroll labeled LIONKU HYINLIA, it crumbles to dust.
It is a scroll of identify.
a - 4 potions of curing The orc priest closely misses you.
The orc priest mumbles some strange prayers to Beogh against you.
Beogh smites you!
Wield which item (- for none, * to show all)? (? for menu, Esc to quit)
Your +0 dagger of venom begins to drip with poison!
s - a +0 dagger of venom (weapon)
The orc priest misses you. The orc priest completely misses you.
You hit the orc priest but do no damage.
The orc priest is poisoned.
The orc priest hits you but does no damage.
The orc priest invokes the aid of Beogh against you.
Beogh smites you!
Ouch! That really hurt!
You die...

oo.# #.....# ....#
#.....########.....#
.............+.....+
#.....#####.##.....#
#.....# #.# ....#
####.....# #.# ...#
.........#####.###
...
..............oo@#
..
..........####.#o# .
...............#.#
.......#..####.#.#
.÷.##.....# #.#.#
....#..#.## #.#.#
....#..#.# #.#.#
....#..#.#####.#.#
+# ....#..........#
##.#


You could see 2 orc priests and an orc.

Vanquished Creatures
  An orc wizard (D:3)
  Jessica (D:3)
  3 adders
  An ooze (D:2)
  2 dart slugs
  3 leopard geckos (D:1)
  3 orcs (D:3)
  5 giant cockroaches
  3 hobgoblins
  12 jackals
  5 kobolds
  A quokka (D:2)
  A ball python (D:2)
  11 bats
  A frilled lizard (D:3)
  6 goblins
  10 rats
69 creatures vanquished.

Notes
Turn   | Place    | Note
-------+----------+-------------------------------------------
     0 | D:1      | Oravi the Gargoyle Earth Elementalist began the quest for the Orb.
     0 | D:1      | Reached XP level 1. HP: 10/10 MP: 3/3
   167 | D:1      | Reached skill level 4 in Earth Magic
   368 | D:1      | Reached XP level 2. HP: 15/15 MP: 1/5
   702 | D:1      | Reached skill level 5 in Earth Magic
   702 | D:1      | Reached XP level 3. HP: 16/19 MP: 3/6
  1414 | D:1      | Reached XP level 4. HP: 20/24 MP: 5/7
  1568 | D:2      | Reached skill level 6 in Earth Magic
  1808 | D:2      | Found a deep blue altar of Sif Muna.
  1825 | D:2      | Learned a level 3 spell: Stone Arrow
  1837 | D:2      | Found a hide-covered altar of Uskayaw.
  2007 | D:3      | Found an iron altar of Okawaru.
  2152 | D:3      | Reached skill level 1 in Conjurations
  2152 | D:3      | Reached XP level 5. HP: 16/28 MP: 3/8
  2288 | D:3      | Noticed Jessica
  2290 | D:3      | Killed Jessica
  2492 | D:3      | Killed from afar by an orc priest

Vault maps used:
D:1:      nicolae_arrival_somewhat_less_tricky_arrival, minivault_23,
          minmay_misc_feat_alley
D:2:      amethyst_overflow_temple_binary
D:3:      okawaru_trees_2, uniq_jessica

Skill      XL: |  1  2  3  4 |
---------------+-------------+-----
Earth Magic    | 4 5 6 |  6.5
Conjurations   | 1 |  1.5
Dodging        | |  1.5
Stealth        | |  2.1
Spellcasting   | |  2.5
Transmutations | |  0.7

Action                   |  1- 3 |  4- 6 || total
-------------------------+-------+-------++-------
Melee: Unarmed           |     9 |       ||     9
       Dagger            |    35 |     1 ||    36
       Whip              |    67 |   102 ||   169
Throw: Stone             |    15 |     6 ||    21
 Cast: Sandblast         |    25 |    27 ||    52
       Stone Arrow       |       |     2 ||     2
  Use: Scroll            |       |     1 ||     1
 Stab: Sleeping          |     1 |       ||     1
  Eat: Chunk             |     2 |     4 ||     6
Armor: Robe              |    44 |    19 ||    63
       Leather armour    |       |    32 ||    32
Dodge: Dodged            |    91 |    75 ||   166

Table legend:
 A = Spawn XP
 B = Non-spawn XP
 C = Spawn XP percentage of total XP
 D = Spawn monster count
 E = Non-spawn monster count
 F = Spawn count percentage of total count
 G = Total turns spent on level
                    A         B        C        D         E        F      G
               +---------+---------+-------+---------+---------+-------+---------
         Total |       0 |     235 |   0.0 |       0 |      69 |   0.0 |  2492
               +---------+---------+-------+---------+---------+-------+---------
           D:1 |       0 |      71 |   0.0 |       0 |      32 |   0.0 |  1231
           D:2 |       0 |      41 |   0.0 |       0 |      22 |   0.0 |   702
           D:3 |       0 |     123 |   0.0 |       0 |      15 |   0.0 |   559
               +---------+---------+-------+---------+---------+-------+---------
